 Dungeon Sprint DCSS version 0.23-a0-814-g91b4073 (webtiles) character file.

167655 Lanoc the Demonic Blade (level 15, -15/143 HPs)
             Began as a Demonspawn Berserker on Jan 21, 2019.
             Was a Priest of Trog.
             Demolished by Mennas
             ... wielding a +2 trishula of holy wrath
              (22 damage)
             ... in the Dungeon (Sprint IX: "|||||||||||||||||||||||||||||").
             The game lasted 00:29:50 (4156 turns).

Lanoc the Demonic Blade (Demonspawn Berserker)      Turns: 4156, Time: 00:29:51

Health: -15/143    AC: 27    Str: 27    XL:     15   Next: 89%
Magic:  0/15       EV: 34    Int: 10    God:    Trog [***...]
Gold:   1695       SH:  0    Dex: 24    Spells: 14/14 levels left

rFire    . . .     SeeInvis .   o - +12 great sword of Agivvid {venom, rElec Str+5}
rCold    + . .     Gourm    .   (shield currently unavailable)
rNeg     . . .     Faith    .   E - +7 Kryia's mail coat {PotionHeal*2 rC+}
rPois    +         Spirit   +   C - +1 helmet
rElec    +         Reflect  .   B - scarf {repulsion}
rCorr    .         Harm     .   D - +1 pair of gloves
MR       +....     NoTele   +   (no boots)
Stlth    +.........             a - amulet of regeneration
HPRegen  0.73/turn              A - ring of poison resistance
MPRegen  0.14/turn              q - +6 ring of dexterity

@: agile, berserk cooldown, slowed, glowing, silenced, repel missiles, very slow
A: talons 1, molten scales 2, powered by death 3, magic shield
}: 4/17 runes: decaying, serpentine, barnacled, gossamer
a: Renounce Religion


You were in the Dungeon.
You worshipped Trog.
Trog was most pleased with you.
You were hungry.

You visited 1 branch You collected 1905 gold pieces.
You spent 210 gold pieces at shops.

Inventory:

Hand Weapons
 o - the +12 great sword of Agivvid (weapon) {venom, rElec Str+5}
   (Trog gifted it to you in the Dungeon)

   It poisons the flesh of those it strikes.
   It affects your strength (+5).
   It insulates you from electricity.
 p - a +0 demon blade of flaming
Missiles
 x - 119 arrows
 y - 19 sling bullets
 I - 67 bolts
Armour
 B - a scarf of repulsion (worn)
 C - a +1 helmet (worn)
 D - a +1 pair of gloves (worn)
 E - the +7 Kryia's mail coat (worn) {PotionHeal*2 rC+}
   (You found it in the Dungeon)

   It protects you from cold.
Jewellery
 a - an amulet of regeneration (around neck)
 n - a +6 ring of strength
 q - a +6 ring of dexterity (right hand)
 z - an uncursed ring of protection from fire
 A - a ring of poison resistance (left hand)
Wands
 m - a wand of iceblast (10)
Scrolls
 i - 3 scrolls of blinking
 l - 5 scrolls of remove curse
 s - 5 scrolls of identify
 t - 4 scrolls of fog
 u - 5 scrolls of enchant armour
 v - 4 scrolls of fear
 H - 4 scrolls of enchant weapon
Potions
 d - 4 potions of curing
 f - a potion of haste
 g - 4 potions of magic
 h - a potion of berserk rage
 j - 2 potions of flight {unknown}
 k - a potion of invisibility
 F - a potion of resistance
 G - 2 potions of brilliance
Comestibles
 c - 7 rations


   Skills:
 + Level 20.8 Fighting
 * Level 25.5 Long Blades
 + Level 19.3 Armour
 + Level 19.3 Dodging


You had 14 spell levels left.
You didn't know any spells.
Your spell library was empty.

Dungeon Overview and Level Annotations

Branches:
Dungeon (1/1)

Altars:
Cheibriados
Dithmenos
Elyvilon
Fedhas
Gozag
Hepliaklqana
Kikubaaqudgha
Makhleb
Nemelex Xobeh
Okawaru
Qazlal
Ru
Sif Muna
Trog
Uskayaw
Vehumet
Wu Jian
Xom
Yredelemnul
Zin
The Shining One
Beogh
Jiyva
Lugonu

Shops:
D =(*[

Annotations:
D Mennas


Innate Abilities, Weirdness & Mutations

You have sharp toenails.
You are mostly covered in molten scales. (AC +3)
You regenerate a lot of health from kills.
When hurt, damage is shared between your health and your magic reserves.


Message History

Mennas hits you with a +2 trishula of holy wrath!
* * * LOW HITPOINT WARNING * * *
You convulse!!
* * * LOW HITPOINT WARNING * * *
You closely miss Mennas. Your kick misses Mennas.
Mennas is moderately wounded.
Mennas hits you but does no damage. Mennas misses you.
Mennas hits you with a +2 trishula of holy wrath.
* * * LOW HITPOINT WARNING * * *
You convulse.
* * * LOW HITPOINT WARNING * * *
Mennas completely misses you. Mennas blocks your attack.
You claw Mennas, but do no damage.
Mennas is moderately wounded.
Mennas hits you but does no damage. x2
You slash Mennas! Mennas blocks your attack.
Mennas is heavily wounded.
You are feeling hungry.
Mennas hits you with a +2 trishula of holy wrath!!
You die...

▓▓▓▓▓▓▓▓▓▓▓▓▓▓▓▓▓▓▓▓▓▓▓▓▓▓
..........................
▓▓▓▓▓▓▓▓▓▓▓▓▓▓▓▓▓▓▓▓▓▓▓▓▓▓▓▓▓♣♣♣♣
.†)†..........))@A)))))))).))÷÷)÷
▓▓▓▓▓▓▓▓▓▓▓▓▓▓▓▓▓▓▓▓▓▓▓▓▓▓▓▓▓♣♣♣♣
.................................
▓▓▓▓▓▓▓▓▓▓▓▓▓▓▓▓▓▓▓▓▓▓▓▓▓▓▓▓▓▓▓▓▓
..))))))....[[.[[................
▓▓▓▓▓▓▓▓▓▓▓▓▓▓▓▓▓▓▓▓▓▓▓▓▓▓▓▓▓▓▓▓▓
...................p........p....
▓▓▓▓▓▓▓▓▓▓▓▓▓▓▓▓▓▓▓▓▓▓▓▓▓▓▓▓▓▓▓▓▓
).))))))...)....)))[)))).).......


You could see Mennas.

Vanquished Creatures
  Rupert (D)
  2 Orb Guardians (D)
  Kirke (D)
  A sphinx (D)
  Frances (D)
  6 nagarajas (D)
  Ilsuiw (D)
  3 fire giants (D)
  An emperor scorpion (D)
  A frost giant (D)
  5 ghost moths (D)
  An ironheart preserver (D)
  6 stone giants (D)
  A vampire knight (D)
  A deep elf annihilator (D)
  A deep elf death mage (D)
  2 fire dragons (D)
  A mummy priest (D)
  4 merfolk impalers (D)
  A vault guard (D)
  2 naga warriors (D)
  An ice dragon (D)
  2 rakshasas (D)
  9 hydras (D)
  2 merfolk avatars (D)
  3 centaur warriors (D)
  A two-headed ogre (D)
  2 ogre magi (D)
  A deep troll earth mage (D)
  5 merfolk aquamancers (D)
  3 tengu warriors (D)
  A spriggan berserker (D)
  2 orc high priests (D)
  4 deep trolls (D)
  A naga ritualist (D)
  An unseen horror (D)
  2 wizards (D)
  5 swamp dragons (D)
  3 ironbrand convokers (D)
  An orc knight (D)
  2 glowing orange brains (D)
  An ugly thing (D)
  3 necromancers (D)
  2 deep elf archers (D)
  2 cyclopes (D)
  2 manticores (D)
  An orc sorcerer (D)
  9 wolf spiders (D)
  A moth of wrath (D)
  2 merfolk sirens (D)
  A guardian serpent (D)
  Psyche (D)
  3 naga magi (D)
  A water nymph (D)
  A gargoyle (D)
  A vault sentinel (D)
  2 spiny frogs (D)
  A rime drake (D)
  A demonic crawler (D)
  3 yaktaurs (D)
  2 trolls (D)
  2 merfolk (D)
  4 jumping spiders (D)
  2 hornets (D)
  A blink frog (D)
  A hippogriff (D)
  A snapping turtle (D)
  2 slime creatures (D)
  3 bog bodies (D)
  A water elemental (D)
  2 spriggans (D)
  2 redbacks (D)
  A tarantella (D)
  Eustachio (D)
  2 hogs (D)
  3 yaks (D)
  A steam dragon (D)
  A basilisk (D)
  4 small abominations (D)
  4 wargs (D)
  A naga (D)
  A water moccasin (D)
  2 hell hounds (D)
  2 swamp drakes (D)
  9 orc warriors (D)
  An ice beast (D)
  A necrophage (D)
  An ogre (D)
  3 wolves (D)
  A boggart (D)
  3 crocodiles (D)
  4 bullfrogs (D)
  A wight (D)
  A howler monkey (D)
  A crimson imp (D)
  An orc priest (D)
  5 orc wizards (D)
  An iguana (D)
  An adder skeleton (D)
  A leopard gecko (D)
  8 orcs (D)
  2 giant cockroaches (D)
  A hobgoblin (D)
  2 bats (D)
  A quokka skeleton (D)
227 creatures vanquished.

Vanquished Creatures (collateral kills)
  A very ugly thing (D)
  An ettin (D)
  A hydra (D)
  An ogre mage (D)
  2 deep trolls (D)
  A mana viper (D)
  A wolf spider (D)
  2 black mambas (D)
  A salamander (D)
  2 naga magi (D)
  A yak (D)
  A basilisk (D)
  A soldier ant (shapeshifter) (D)
  A naga (D)
  2 orc warriors (D)
19 creatures vanquished.

Vanquished Creatures (others)
  A merfolk impaler (D)
  A naga (D)
  A jelly (D)
3 creatures vanquished.

Grand Total: 249 creatures vanquished

Notes
Turn   | Place    | Note
-------+----------+-------------------------------------------
     0 | D        | Lanoc the Demonspawn Berserker began the quest for the Orb.
     0 | D        | Reached XP level 1. HP: 18/18 MP: 1/1
     6 | D        | Reached skill level 3 in Long Blades
    16 | D        | Reached ** piety under Trog
    48 | D        | Noticed an iguana
    48 | D        | Noticed a howler monkey
    48 | D        | Noticed an ogre
    55 | D        | Killed an iguana
    55 | D        | Reached skill level 4 in Long Blades
    55 | D        | Gained mutation: You regenerate a little health from kills.
                  | [demonic ancestry]
    55 | D        | Reached XP level 2. HP: 25/25 MP: 2/2
    55 | D        | Reached XP level 3. HP: 30/30 MP: 3/3
    57 | D        | Reached *** piety under Trog
    61 | D        | Reached skill level 5 in Long Blades
    61 | D        | Reached XP level 4. HP: 38/38 MP: 4/4
    71 | D        | Killed an ogre
    71 | D        | Reached skill level 5 in Fighting
    71 | D        | Reached skill level 6 in Long Blades
    71 | D        | Gained mutation: When hurt, damage is shared between your
                  | health and your magic reserves. [demonic ancestry]
    71 | D        | Reached XP level 5. HP: 31/44 MP: 5/5
    84 | D        | Found a roughly hewn altar of Beogh.
    84 | D        | Found a snail-covered altar of Cheibriados.
    84 | D        | Found a shadowy altar of Dithmenos.
    84 | D        | Found a white marble altar of Elyvilon.
    84 | D        | Found a blossoming altar of Fedhas.
    84 | D        | Found an opulent altar of Gozag.
    85 | D        | Found a hazy altar of Hepliaklqana.
    86 | D        | Found a viscous altar of Jiyva.
    87 | D        | Found an ancient bone altar of Kikubaaqudgha.
    88 | D        | Found a corrupted altar of Lugonu.
    89 | D        | Found a burning altar of Makhleb.
    90 | D        | Found a sparkling altar of Nemelex Xobeh.
    91 | D        | Found an iron altar of Okawaru.
    92 | D        | Found a stormy altar of Qazlal.
    93 | D        | Found a sacrificial altar of Ru.
    94 | D        | Found a deep blue altar of Sif Muna.
    95 | D        | Found a bloodstained altar of Trog.
    96 | D        | Found a hide-covered altar of Uskayaw.
    97 | D        | Found a radiant altar of Vehumet.
    98 | D        | Found an ornate altar of the Wu Jian Council.
    99 | D        | Found a shimmering altar of Xom.
   100 | D        | Found a basalt altar of Yredelemnul.
   101 | D        | Found a glowing silver altar of Zin.
   102 | D        | Found a glowing golden altar of the Shining One.
   119 | D        | Got the +2 scimitar "Loofau" {freeze, MR- Str+3}
   159 | D        | Noticed an orc warrior
   159 | D        | Noticed a necrophage
   159 | D        | Noticed an ice beast
   159 | D        | Noticed a two-headed ogre
   163 | D        | Killed an orc warrior
   163 | D        | Reached **** piety under Trog
   163 | D        | Reached skill level 7 in Long Blades
   163 | D        | Reached skill level 5 in Armour
   163 | D        | Reached skill level 5 in Dodging
   166 | D        | Killed a necrophage
   166 | D        | Reached skill level 8 in Long Blades
   166 | D        | Gained mutation: You regenerate health from kills. [demonic
                  | ancestry]
   166 | D        | Reached XP level 6. HP: 53/53 MP: 4/6
   170 | D        | Killed an ice beast
   172 | D        | Killed a two-headed ogre
   172 | D        | Reached skill level 10 in Long Blades
   172 | D        | Reached XP level 7. HP: 63/63 MP: 4/7
   172 | D        | Reached XP level 8. HP: 69/69 MP: 4/8
   173 | D        | Reached ***** piety under Trog
   223 | D        | Noticed a cyclops
   223 | D        | Noticed a gargoyle
   223 | D        | Noticed a cyclops
   223 | D        | Noticed a red ugly thing
   228 | D        | Killed a cyclops
   228 | D        | Received a gift from Trog
   228 | D        | Reached skill level 11 in Long Blades
   234 | D        | Killed a gargoyle
   240 | D        | Killed a cyclops
   240 | D        | Reached skill level 12 in Long Blades
   240 | D        | Reached XP level 9. HP: 78/78 MP: 6/9
   244 | D        | Killed a red ugly thing
   244 | D        | Reached skill level 10 in Fighting
   373 | D        | Noticed a rime drake
   373 | D        | Noticed a spiny frog
   373 | D        | Received a gift from Trog
   389 | D        | Killed a rime drake
   389 | D        | Reached skill level 13 in Long Blades
   398 | D        | Killed a spiny frog
   403 | D        | Received a gift from Trog
   403 | D        | Reached XP level 10. HP: 86/86 MP: 10/10
   406 | D        | Reached skill level 10 in Armour
   465 | D        | Noticed a seven-headed hydra
   469 | D        | Killed a seven-headed hydra
   469 | D        | Reached skill level 10 in Dodging
   482 | D        | Reached skill level 14 in Long Blades
   493 | D        | Received a gift from Trog
   552 | D        | Received a gift from Trog
   721 | D        | Noticed Eustachio
   739 | D        | Killed Eustachio
   767 | D        | Noticed an orc sorcerer
   769 | D        | Noticed an orc high priest
   778 | D        | Killed an orc sorcerer
   784 | D        | Received a gift from Trog
   789 | D        | Noticed a soul eater
   791 | D        | Noticed a rust devil
   797 | D        | Killed an orc high priest
   797 | D        | Reached ****** piety under Trog
   799 | D        | Reached skill level 15 in Long Blades
   814 | D        | Received a gift from Trog
   929 | D        | Noticed an orc high priest
   934 | D        | Noticed a soul eater
   959 | D        | Received a gift from Trog
   960 | D        | Noticed an orange demon
  1079 | D        | Killed an orc high priest
  1079 | D        | Gained mutation: You are partially covered in molten
                  | scales. (AC +2) [demonic ancestry]
  1079 | D        | Reached XP level 11. HP: 52/96 MP: 8/11
  1410 | D        | Received a gift from Trog
  1441 | D        | Found Jywkorar's Jewellery Emporium.
  1441 | D        | Noticed a stone giant
  1441 | D        | Noticed a deep troll
  1441 | D        | Noticed a deep troll
  1441 | D        | Noticed an ogre mage
  1441 | D        | Noticed an ettin
  1446 | D        | Noticed a stone giant
  1453 | D        | Killed a stone giant
  1454 | D        | Found Qiustroa's Antique Weapon Shoppe.
  1460 | D        | Killed a deep troll
  1461 | D        | Noticed an ogre mage
  1464 | D        | Noticed a deep troll
  1467 | D        | Killed a stone giant
  1467 | D        | Reached skill level 16 in Long Blades
  1468 | D        | Found Duuzan's General Store.
  1471 | D        | Noticed a deep troll
  1475 | D        | Noticed a deep troll
  1481 | D        | Killed an ogre mage
  1484 | D        | Killed a deep troll
  1486 | D        | Killed an ettin
  1487 | D        | Killed an ogre mage
  1487 | D        | Received a gift from Trog
  1489 | D        | Killed a deep troll
  1512 | D        | Killed a deep troll
  1518 | D        | Killed a deep troll
  1560 | D        | Found Wiparuat's Antique Armour Shoppe.
  1565 | D        | Noticed a deep troll
  1571 | D        | Killed a deep troll
  1571 | D        | Reached skill level 17 in Long Blades
  1602 | D        | Bought a ration for 60 gold pieces
  1602 | D        | Bought a ration for 60 gold pieces
  1602 | D        | Bought a scroll of enchant armour for 90 gold pieces
  1733 | D        | Found the +7 Kryia's mail coat {PotionHeal*2 rC+}
  1852 | D        | Noticed a tengu warrior
  1853 | D        | Noticed a wolf spider
  1859 | D        | Killed an unseen horror
  1859 | D        | Received a gift from Trog
  1859 | D        | Reached XP level 12. HP: 105/106 MP: 10/12
  1869 | D        | Noticed a cyan very ugly thing
  1879 | D        | Killed a tengu warrior
  1888 | D        | Noticed a stone giant
  1900 | D        | Killed a cyan very ugly thing
  1915 | D        | Killed a stone giant
  1928 | D        | Received a gift from Trog
  1970 | D        | Noticed a stone giant
  1982 | D        | Killed a stone giant
  1982 | D        | Reached skill level 18 in Long Blades
  2059 | D        | Noticed Rupert
  2061 | D        | Noticed Frances
  2068 | D        | Killed Rupert
  2068 | D        | Received a gift from Trog
  2075 | D        | Killed Frances
  2075 | D        | Reached skill level 15 in Fighting
  2144 | D        | Noticed a nagaraja
  2158 | D        | Killed a nagaraja
  2158 | D        | Reached skill level 19 in Long Blades
  2169 | D        | Received a gift from Trog
  2171 | D        | Gained mutation: You regenerate a lot of health from kills.
                  | [demonic ancestry]
  2171 | D        | Reached XP level 13. HP: 49/116 MP: 5/13
  2174 | D        | Received a gift from Trog
  2175 | D        | Got a crude great sword {god gift}
  2187 | D        | Identified the +12 great sword of Agivvid {venom, rElec
                  | Str+5} (Trog gifted it to you in the Dungeon)
  2196 | D        | Noticed a merfolk impaler
  2205 | D        | Killed a merfolk impaler
  2229 | D        | Received a gift from Trog
  2275 | D        | Received a gift from Trog
  2334 | D        | Received a gift from Trog
  2340 | D        | Killed a ghost moth
  2340 | D        | Reached skill level 20 in Long Blades
  2343 | D        | Reached skill level 15 in Armour
  2345 | D        | Reached skill level 15 in Dodging
  2367 | D        | Received a gift from Trog
  2431 | D        | Noticed Psyche
  2439 | D        | Killed Psyche
  2496 | D        | Noticed a stone giant
  2496 | D        | Noticed a vampire knight
  2503 | D        | Killed a stone giant
  2504 | D        | Noticed a stone giant
  2509 | D        | Received a gift from Trog
  2510 | D        | Noticed a fire dragon
  2512 | D        | Upgraded the game from 0.23-a0-808-gd21de94 to
                  | 0.23-a0-814-g91b4073
  2513 | D        | Noticed a fire giant
  2515 | D        | Killed a vampire knight
  2516 | D        | Noticed a fire dragon
  2531 | D        | Killed a stone giant
  2531 | D        | Received a gift from Trog
  2548 | D        | Killed a fire dragon
  2552 | D        | Killed a fire giant
  2552 | D        | Reached skill level 21 in Long Blades
  2559 | D        | Killed a fire dragon
  2560 | D        | Received a gift from Trog
  2560 | D        | Gained mutation: You have sharp toenails. [demonic
                  | ancestry]
  2560 | D        | Reached XP level 14. HP: 99/128 MP: 5/14
  2574 | D        | Noticed a fire giant
  2574 | D        | Noticed a fire giant
  2598 | D        | Killed a fire giant
  2601 | D        | Received a gift from Trog
  2807 | D        | Received a gift from Trog
  2817 | D        | Noticed an ironheart preserver
  2818 | D        | Noticed a frost giant
  2823 | D        | Noticed a fire giant
  2831 | D        | Killed an ironheart preserver
  2831 | D        | Reached skill level 22 in Long Blades
  2836 | D        | Killed a frost giant
  2836 | D        | Received a gift from Trog
  2842 | D        | Killed a fire giant
  2850 | D        | Noticed a sphinx
  2850 | D        | Noticed an Orb Guardian
  2851 | D        | Received a gift from Trog
  2860 | D        | Killed a sphinx
  2864 | D        | Killed an Orb Guardian
  2864 | D        | Received a gift from Trog
  2871 | D        | Noticed an Orb Guardian
  2891 | D        | Killed an Orb Guardian
  2893 | D        | Received a gift from Trog
  2901 | D        | Received a gift from Trog
  2907 | D        | Reached skill level 23 in Long Blades
  2910 | D        | Noticed a reaper
  3043 | D        | Noticed Kirke
  3104 | D        | Killed Kirke
  3355 | D        | Got the +2 chain mail of Noughts and Crosses {rN+}
  3489 | D        | Noticed a nagaraja
  3495 | D        | Noticed a nagaraja
  3497 | D        | Killed a nagaraja
  3497 | D        | Received a gift from Trog
  3497 | D        | Gained mutation: You are mostly covered in molten scales.
                  | (AC +3) [demonic ancestry]
  3497 | D        | Reached XP level 15. HP: 139/139 MP: 13/15
  3503 | D        | Noticed a nagaraja
  3507 | D        | Noticed a nagaraja
  3510 | D        | Killed a nagaraja
  3518 | D        | Killed a nagaraja
  3519 | D        | Noticed a nagaraja
  3520 | D        | Received a gift from Trog
  3530 | D        | Killed a nagaraja
  3543 | D        | Killed a nagaraja
  3543 | D        | Received a gift from Trog
  3546 | D        | Got a serpentine rune of Zot
  3593 | D        | Killed a ghost moth
  3593 | D        | Reached skill level 24 in Long Blades
  3603 | D        | Killed a ghost moth
  3603 | D        | Received a gift from Trog
  3609 | D        | Killed a ghost moth
  3616 | D        | Killed a ghost moth
  3639 | D        | Got a gossamer rune of Zot
  3719 | D        | Noticed Ilsuiw
  3724 | D        | Received a gift from Trog
  3736 | D        | Received a gift from Trog
  3744 | D        | Killed Ilsuiw
  3751 | D        | Received a gift from Trog
  3770 | D        | Reached skill level 25 in Long Blades
  3796 | D        | Got a barnacled rune of Zot
  3840 | D        | Received a gift from Trog
  3854 | D        | Received a gift from Trog
  3880 | D        | Received a gift from Trog
  3883 | D        | Got a decaying rune of Zot
  4028 | D        | Noticed Mennas
  4154 | D        | HP: 6/143 [Mennas/+2 trishula of holy wrath (3)]
  4156 | D        | Demolished by Mennas

Vault maps used:
D:        linesprint

Skill      XL: |  1  2  3  4  5  6  7  8  9 10 11 12 13 14 15 |
---------------+----------------------------------------------+-----
Long Blades    | 4 5 6 8 10 12 13 15 17 19 21 23 25 | 25.5
Armour         | 3 4 5 7 8 9 11 12 14 15 17 19 | 19.3
Dodging        | 3 4 5 7 8 9 11 12 14 15 17 19 | 19.3
Fighting       | 4 5 6 8 9 10 12 13 15 17 19 20 | 20.8

Action                   |  1- 3 |  4- 6 |  7- 9 | 10-12 | 13-15 || total
-------------------------+-------+-------+-------+-------+-------++-------
Melee: Falchion          |    29 |     9 |       |       |       ||    38
       Scimitar          |       |    11 |    47 |   324 |       ||   382
       Great sword       |       |       |       |       |   438 ||   438
       Demon blade       |       |       |       |       |    40 ||    40
       Kick              |       |       |       |       |   177 ||   177
       Unarmed           |       |       |       |       |    49 ||    49
Invok: Berserk           |     1 |     1 |     2 |    10 |     7 ||    21
       Brothers in Arms  |       |       |       |     6 |     8 ||    14
       Trog's Hand       |       |       |       |     7 |     8 ||    15
  Use: Potion            |       |       |       |     3 |    18 ||    21
  Eat: Chunk             |       |       |     1 |    13 |     8 ||    22
       Ration            |       |       |       |     2 |     4 ||     6
Armor: Animal skin       |     9 |       |       |       |       ||     9
       Plate armour      |       |     2 |    12 |    71 |       ||    85
       Scale mail        |       |       |       |    47 |   195 ||   242
Dodge: Dodged            |    19 |     9 |    17 |   172 |   426 ||   643
       Deflected         |       |       |       |     4 |    14 ||    18
       Rpst.: Falchion   |     5 |     2 |       |       |       ||     7
       Scimitar          |       |       |     5 |    34 |       ||    39
       Great sword       |       |       |       |       |    62 ||    62
       Demon blade       |       |       |       |       |     5 ||     5

Table legend:
 A = Non-vault XP
 B = Vault XP
 C = Vault XP percentage of total XP
 D = Non-vault monster count
 E = Vault monster count
 F = Vault count percentage of total count
                 A         B        C        D         E       F
            +---------+---------+-------+---------+---------+-------
      Total |    2755 |  145324 |  98.1 |       5 |     242 |  98.0
            +---------+---------+-------+---------+---------+-------
          D |    2755 |  145324 |  98.1 |       5 |     242 |  98.0
            +---------+---------+-------+---------+---------+-------
